Map: Ruins of Seras

Players

Pseudorandom

Phog - Winner!

  • Race: Zerg Zerg

VOD

Have the link to the VOD?

Description

Time

  • Played on: March 31, 2015, 10:38 p.m.
  • Length: 11:36
Show
View Real Time Build Order
Export as new Build Order

Pseudorandom Zerg 

Build Orders: Pool First, Muta Ling Bane 

Get SALT Encoding   

  12  0:00  Drone  
  13  0:08  Drone  
  13  0:11  Extractor  
  13  0:16  Drone  
  14  0:32  Spawning Pool  
  13  0:39  Drone  
  14  0:46  Overlord  
  14  1:05  Drone  
  15  1:19  Metabolic Boost  
  15  1:20  Zergling x6  
  18  1:31  Queen  
  20  1:33  Drone  
  21  1:53  Hatchery  
  20  1:56  Drone  
  21  2:03  Overlord  
  21  2:07  Drone  
  22  2:22  Queen  
  24  2:23  Drone  
  25  2:33  Baneling Nest  
  25  2:35  Drone  
  25  2:38  Drone  
  25  2:44  Drone  
  27  2:49  Drone x2  
  29  2:57  Drone  
  29  3:12  Overlord  
  29  3:13  Drone x2  
  29  3:17  Extractor  
  30  3:22  Lair  
  30  3:28  Spine Crawler  
  30  3:32  Zergling x2  
  30  3:34  Drone  
  30  3:40  Zergling x6  
  30  3:41  Zergling x2  
  33  3:49  Zergling x4  
  33  3:53  Baneling  
  33  3:54  Baneling  
  35  3:57  Zergling x4  
  37  4:08  Zergling x8  
  40  4:19  Drone x3  
  37  4:36  Zergling x12  
  42  4:39  Zergling x2  
  42  4:40  Zergling x2  
  40  4:47  Zergling x2  
  40  4:48  Drone x2  
  40  5:03  Drone x2  
  40  5:04  Spire  
  40  5:06  Baneling x2  
  41  5:10  Drone  
  41  5:11  Drone  
  43  5:16  Overlord  
  41  5:36  Drone x2  
  41  5:44  Queen  
  41  5:45  Drone x5  
  41  5:46  Drone  
  49  5:53  Drone  
  49  5:55  Extractor  
  49  5:56  Extractor  
  48  5:57  Overlord  
  48  5:58  Drone  
  49  6:05  Zergling x2  
  49  6:06  Zergling x2  
  50  6:17  Zergling x10  
  54  6:20  Zerg Flyer Armor Level 1  
  52  6:26  Mutalisk  
  52  6:27  Mutalisk  
  52  6:29  Mutalisk  
  56  6:40  Mutalisk  
  56  6:42  Overlord  
  58  6:51  Overlord x2  
  58  6:57  Drone  
  59  7:02  Hatchery  
  58  7:11  Mutalisk x2  
  58  7:12  Mutalisk x4  
  70  7:28  Mutalisk  
  69  7:32  Zergling x2  
  69  7:33  Zergling x8  
  73  7:38  Mutalisk  
  75  7:57  Overlord x2  
  75  8:04  Spore Crawler  
  73  8:06  Spore Crawler  
  73  8:07  Drone x3  
  75  8:15  Zerg Flyer Armor Level 2  
  75  8:18  Overlord  
  75  8:29  Mutalisk x4  
  75  8:33  Drone x2  
  83  8:36  Extractor  
  83  8:41  Mutalisk  
  80  8:44  Drone x3  
  85  8:53  Mutalisk  
  86  9:08  Mutalisk x2  
  86  9:10  Zergling x2  
  86  9:11  Zergling x16  
  95  9:19  Extractor  
  95  9:20  Spore Crawler  
  95  9:23  Mutalisk x2  
  97  9:24  Spore Crawler  
  97  9:26  Overlord  
  93  9:50  Spore Crawler  
  93  9:51  Spore Crawler x2  
  87  9:55  Mutalisk x4  
  86  10:06  Mutalisk x2  
  76  10:24  Mutalisk x3  
  66  10:39  Drone x3  
  66  10:40  Drone, Mutalisk x2  
  70  10:51  Mutalisk x2  
  74  11:03  Drone  
  74  11:04  Drone x4  
  64  11:16  Drone x2  
  64  11:17  Drone  
  60  11:26  Spore Crawler  
  60  11:27  Spore Crawler  
Show
View Real Time Build Order
Export as new Build Order

Phog Zerg - Winner!

Build Orders: Hatch First, Muta Ling Bane 

Get SALT Encoding   

  12  0:09  Overlord  
  12  0:14  Drone  
  12  0:19  Drone  
  14  0:28  Drone  
  14  0:34  Drone  
  16  0:51  Hatchery  
  16  0:57  Drone  
  16  0:58  Drone  
  16  1:00  Extractor  
  16  1:07  Drone  
  17  1:17  Spawning Pool  
  16  1:25  Drone  
  16  1:26  Drone  
  18  1:36  Overlord  
  18  1:47  Drone  
  19  1:57  Drone  
  20  2:04  Queen x2  
  20  2:06  Metabolic Boost  
  24  2:17  Drone  
  24  2:19  Drone x2  
  24  2:20  Zergling x2  
  28  2:26  Baneling Nest  
  27  2:31  Drone  
  27  2:32  Drone  
  29  2:46  Zergling x2  
  29  2:47  Zergling x4  
  32  2:56  Zergling x2  
  30  3:07  Zergling x4  
  31  3:15  Queen  
  31  3:16  Overlord x2  
  31  3:18  Zergling x6  
  36  3:26  Overlord  
  36  3:32  Overlord  
  36  3:35  Drone  
  36  3:36  Drone x2  
  36  3:41  Drone  
  40  3:47  Drone x2  
  40  3:48  Drone x2  
  44  3:51  Drone x2  
  45  4:04  Baneling x4  
  45  4:08  Zergling x6  
  48  4:11  Drone  
  47  4:18  Drone  
  47  4:22  Drone  
  47  4:23  Drone x3  
  51  4:29  Drone  
  51  4:37  Drone x2  
  51  4:38  Zergling x4  
  51  4:48  Overlord, Drone  
  51  4:49  Drone  
  52  4:54  Extractor  
  52  4:55  Extractor  
  52  4:56  Spine Crawler, Extractor  
  52  4:57  Lair  
  52  4:59  Zergling x4  
  47  5:05  Baneling  
  47  5:08  Zergling x2  
  47  5:09  Zergling x2  
  49  5:18  Baneling  
  49  5:19  Zergling x4  
  51  5:24  Zergling x12  
  51  5:25  Zergling x4  
  56  5:37  Overlord  
  56  5:38  Zergling x2  
  57  5:51  Drone x2  
  57  5:56  Spire  
  57  5:57  Drone x7  
  59  5:59  Hatchery, Overseer  
  59  6:03  Overlord  
  64  6:07  Drone x3  
  67  6:19  Overlord  
  67  6:20  Drone  
  68  6:30  Drone x3  
  68  6:31  Drone x3  
  74  6:34  Zergling x8  
  74  6:35  Extractor  
  73  6:41  Extractor  
  72  6:47  Overlord  
  72  6:48  Overlord  
  72  6:56  Drone  
  72  6:59  Drone  
  74  7:07  Spore Crawler  
  73  7:09  Spore Crawler  
  73  7:10  Mutalisk x7, Spore Crawler, Zerg Flyer Weapons Level 1  
  73  7:12  Spore Crawler  
  73  7:15  Spore Crawler  
  83  7:20  Spore Crawler  
  83  7:22  Spore Crawler  
  81  7:23  Overlord  
  81  7:24  Mutalisk  
  81  7:32  Mutalisk x2  
  84  7:40  Mutalisk x2  
  88  7:50  Mutalisk  
  83  7:59  Drone  
  83  8:00  Drone x3  
  83  8:01  Drone x2, Queen  
  83  8:05  Mutalisk x2  
  92  8:09  Overlord x2  
  93  8:15  Zergling x4  
  93  8:20  Mutalisk  
  93  8:21  Mutalisk  
  97  8:31  Mutalisk  
  97  8:32  Mutalisk  
  101  8:40  Mutalisk  
  101  8:43  Overlord x2  
  101  8:45  Zergling x8  
  105  8:54  Mutalisk x3  
  111  9:05  Mutalisk  
  109  9:10  Mutalisk, Spore Crawler  
  109  9:12  Drone x2  
  109  9:13  Zergling x4  
  109  9:14  Zergling x10  
  119  9:26  Zergling x10  
  124  9:31  Zerg Flyer Armor Level 1  
  124  9:40  Mutalisk x2  
  124  9:41  Mutalisk x2  
  129  9:54  Mutalisk x2  
  129  9:58  Zergling x2  
  129  9:59  Zergling x18  
  124  10:09  Mutalisk x2  
  124  10:13  Queen  
  122  10:19  Mutalisk x2  
  120  10:28  Baneling x4  
  120  10:32  Mutalisk  
  112  10:44  Mutalisk  
  112  10:47  Zergling x6  
  112  10:48  Zergling x10  
  122  10:53  Drone x2  
  120  11:05  Mutalisk x2  
  113  11:12  Mutalisk  
Tags
 
Add a new tag
Caveats
  • Supply blocks, unpowered buildings, or Contaminate may cause inaccurate times.
  • Supply counts are checked every 10 seconds.